 Dungeon Crawl Stone Soup version 0.31.0-32-g396128a36d (webtiles) character file.

Game seed: 10924659296427984245

38 SacredBeard the Vexing (level 3, -2/24 HPs)
             Began as a Vampire Enchanter on Mar 31, 2024.
             Slain by Terence
             ... wielding a +0 flail
              (4 damage)
             ... on level 2 of the Dungeon.
             The game lasted 00:02:29 (783 turns).

SacredBeard the Vexing (Vampire Enchanter)           Turns: 783, Time: 00:02:30

Health: -2/24      AC:  6    Str:  7    XL:     3   Next: 25%
Magic:  6/6        EV:  7    Int: 19    God:
Gold:   84         SH:  0    Dex: 14    Spells: 6/6 levels left

rFire   . . .        a - +1 dagger
rCold   . . .        (no shield)
rNeg    . . .        f - +0 scale mail
rPois   .            (no helmet)
rElec   .            (no cloak)
rCorr   .            (no gloves)
SInv    +            (no boots)
Will    .....        (no amulet)
Stlth   +            (no ring)
HPRegen 0.44/turn    (no ring)
MPRegen 0.10/turn

%: no passive effects
@: healing quickly
A: alive, fangs 3, see invisible, vampiric 2
a: Exsanguinate


You were on level 2 of the Dungeon.
You visited 1 branch of the dungeon, and saw 2 of its levels.

You collected 84 gold pieces.

Inventory:

Hand Weapons
 a - a +1 dagger (weapon)
Missiles
 g - 7 poisoned darts (quivered)
 h - 4 stones
Armour
 f - a +0 scale mail (worn)
Scrolls
 b - a scroll of enchant armour {unknown}
 e - a scroll of enchant weapon {unknown}
Potions
 c - 2 potions of invisibility
 d - a potion of curing {unknown}


   Skills:
 * Level 3.6 Short Blades
 - Level 2.1 Dodging
 - Level 4.4 Stealth
 - Level 2.0 Spellcasting
 - Level 4.4 Hexes


You had 6 spell levels left.
You didn't know any spells.
Your spell library contained the following spells:

 Spells                   Type           Power      Damage    Failure   Level
 Confusing Touch          Hex            18%        N/A       75%         3
 Tukima's Dance           Hex            18%        N/A       75%         3
 Ensorcelled Hibernation  Hex/Ice        20%        N/A       80%         2
 Dazzling Flash           Conj/Hex       20%        N/A       95%         3


Dungeon Overview and Level Annotations

Branches:
Dungeon (2/15)

Altars:

Annotations:
D:2 Terence


Innate Abilities, Weirdness & Mutations

Your natural rate of healing is accelerated.
You have razor-sharp teeth.
You have supernaturally acute eyesight. (SInv)
You are afflicted with vampirism and can become a bat while bloodless.


Message History

You hit the rat.
You kill the rat!
Found a robe.
The endoplasm hits you but does no damage.
You hit the endoplasm.
The endoplasm is moderately wounded.
The endoplasm barely misses you.
You hit the endoplasm but do no damage.
The endoplasm is moderately wounded.
The endoplasm hits you but does no damage.
You hit the endoplasm.
You kill the endoplasm!
No target in view!
No target in view!
You see here a +0 robe.
Found a hand axe.
You now have 84 gold pieces (gained 15).
Terence the Incautious comes into view.
He is wielding a +0 flail.
You see here a scroll labelled BYEFASTOAC.
Terence shouts!
Terence shouts, "ATTACK!!!"
Terence hits you but does no damage.
You hit Terence but do no damage. Terence hits you with a +0 flail.
You hit Terence but do no damage. Terence closely misses you.
You closely miss Terence. Terence hits you with a +0 flail.
You hit Terence.
Terence is lightly wounded.
Terence hits you with a +0 flail!
You are too injured to fight recklessly!
You are too injured to fight recklessly!
You are too injured to fight recklessly!
You closely miss Terence.
Terence is lightly wounded.
Terence hits you with a +0 flail.
* * * LOW HITPOINT WARNING * * *
You hit Terence.
Terence is moderately wounded.
Terence hits you with a +0 flail.
You die...
Terence says, "That felt goooood."

#.#####..#
#~P≈♣P #..# #..#
...#####..#
..........#
...######.# #.#
######?####.##.
........@@......
###############.


You could see Terence.

Vanquished Creatures
  3 bats (D:1)
  5 endoplasms
  A giant cockroach (D:1)
  2 goblins
  A hobgoblin (D:1)
  6 kobolds (D:1)
  3 quokkas (D:1)
  4 ball pythons (D:1)
  2 frilled lizards
  7 rats
34 creatures vanquished.

Notes
Turn   | Place    | Note
-------+----------+-------------------------------------------
     0 | D:1      | SacredBeard the Vampire Enchanter began the quest for the
                  | Orb.
     0 | D:1      | Reached XP level 1. HP: 13/13 MP: 3/3
   120 | D:1      | Reached XP level 2. HP: 18/19 MP: 5/5
   383 | D:1      | Gained mutation: You are afflicted with vampirism and can
                  | become a bat while bloodless. [Vampire growth]
   383 | D:1      | Reached XP level 3. HP: 9/24 MP: 6/6
   776 | D:2      | Noticed Terence
   783 | D:2      | Slain by Terence

Illustrated notes

Levels and vault maps discovered:
D:1:      grunt_arrival_lava_bath, layout_rooms, serial_glass, glass_columns_a,
          glass_columns_c, minmay_misc_feat_tiny
D:2:      layout_loops_ring, serial_bayou_lagoon_a, minmay_misc_feat_hallway,
          uniq_terence

Skill      XL: |  1  2 |
---------------+-------+-----
Short Blades   | 2 3 |  3.6
Dodging        | |  2.1
Stealth        | |  4.4
Spellcasting   | |  2.0
Hexes          | |  4.4

Action                     || total
---------------------------++-------
  Melee: Dagger            ||   127
         Bite              ||    14
   Stab: Sleeping          ||     1
 Armour: Scale mail        ||    93
         Ring mail         ||     9
  Dodge: Dodged            ||    46
